 Dungeon Crawl Stone Soup version 0.24.0-41-g2ae2f7f1be (webtiles) character file.

Game seed: 11524959116640627490, levelgen mode: deterministic

786 DavidChitty2 the Conjurer (level 7, 0/57 HPs)
             Began as a Grey Draconian Conjurer on Dec 11, 2019.
             Was an Initiate of Vehumet.
             Slain by a centaur zombie (3 damage)
             ... in an ossuary.
             The game lasted 00:14:47 (6356 turns).

DavidChitty2 the Conjurer (Grey Draconian Conjurer) Turns: 6356, Time: 00:14:48

Health: 0/57       AC: 12    Str: 10    XL:     7   Next: 56%
Magic:  2/12       EV: 12    Int: 18    God:    Vehumet [......]
Gold:   233        SH:  6    Dex: 16    Spells: 6/13 levels left

rFire    . . .     SeeInvis +   b - +0 hunting sling
rCold    . . .     Gourm    .   s - +1 buckler (curse)
rNeg     . . .     Faith    .   (armour unavailable)
rPois    .         Spirit   .   (helmet restricted)
rElec    .         Reflect  .   l - +0 cloak (curse)
rCorr    .         Harm     .   (no gloves)
MR       .....                  (no boots)
Stlth    ++........             (no amulet)
HPRegen  0.19/turn              j - +5 ring of dexterity
MPRegen  0.13/turn              z - ring of see invisible

@: marked
A: walk through water, unfitting armour, unbreathing, cold-blooded, AC +11
a: Renounce Religion


You were in an ossuary.
You worshipped Vehumet.
Vehumet was noncommittal.
You were hungry.

You visited 2 branches of the dungeon, and saw 6 of its levels.
You also visited: Ossuary.

You collected 233 gold pieces.

Inventory:

Hand Weapons
 a - a +1 dagger of draining
   (You took it off Jessica on level 2 of the Dungeon)
 b - a +0 hunting sling (weapon)
   (You found it on level 1 of the Dungeon)
Missiles
 h - 211 stones (quivered)
Armour
 l - a cursed +0 cloak (worn)
   (You found it on level 4 of the Dungeon)
 s - a cursed +1 buckler (worn)
   (You found it on level 2 of the Dungeon)
Jewellery
 j - a +5 ring of dexterity (left hand)
   (You found it on level 1 of the Dungeon)
 v - an uncursed ring of protection from cold {unknown}
   (You found it on level 5 of the Dungeon)
 z - a ring of see invisible (right hand)
   (You found it on level 3 of the Dungeon)
Wands
 d - a wand of iceblast (9)
   (You found it on level 2 of the Dungeon)
 t - a wand of flame (9)
   (You took it off Dowan on level 4 of the Dungeon)
 x - a wand of acid (5)
   (You found it on level 2 of the Dungeon)
Scrolls
 f - 2 scrolls of remove curse {@r2}
 g - 2 scrolls of teleportation {@r4}
 i - a scroll of identify {@r1}
 k - 2 scrolls of fog
 n - 2 scrolls of blinking
Potions
 c - a potion of flight
 m - 2 potions of lignification {!q}
 o - 3 potions of mutation {!q}
 p - a potion of curing {unknown}
 q - a potion of berserk rage
 u - a potion of might
 w - a potion of agility
 y - a potion of ambrosia
Comestibles
 e - 14 rations {!d}
 r - 7 chunks of flesh


   Skills:
 + Level 3.6 Fighting
 - Level 1.7 Dodging
 - Level 1.7 Stealth
 - Level 4.0 Shields
 + Level 3.7 Spellcasting
 * Level 6.6 Conjurations


You had 6 spell levels left.
You knew the following spells:

 Your Spells              Type           Power        Failure   Level  Hunger
a - Magic Dart            Conj           ####         1%          1    None
s - Searing Ray           Conj           ####..       1%          2    ##.....
x - Iskenderun's Mystic   Conj           ####....     10%         4    ####...

Your spell library contained the following spells:

 Spells                   Type           Power        Failure   Level  Hunger
 Flame Tongue             Conj/Fire      ###..        3%          1    None
 Throw Flame              Conj/Fire      ###...       6%          2    ##.....
 Conjure Flame            Conj/Fire      ###.....     12%         3    ###....
 Dazzling Spray           Conj/Hex       ###...       12%         3    ###....
 Force Lance              Conj/Tloc      ###.....     36%         4    ####...
 Fulminant Prism          Conj/Hex       ###.......   36%         4    ####...
 Sticky Flame             Conj/Fire      ###.....     36%         4    ####...
 Inner Flame              Hex/Fire       #.......     41%         3    ###....
 Fireball                 Conj/Fire      ###.......   71%         5    ######.


Dungeon Overview and Level Annotations

Branches:
Dungeon (5/15)             Temple (1/1) D:4         Ossuary (1/1)

Altars:
Ashenzari
Cheibriados
Dithmenos
Elyvilon
Fedhas
Gozag
Hepliaklqana
Kikubaaqudgha
Nemelex Xobeh
Okawaru
Ru
Sif Muna
Uskayaw
Vehumet
Xom
Yredelemnul
Zin

Shops:
D:4 %

Annotations:
D:5 Sigmund


Innate Abilities, Weirdness & Mutations

You can walk through water.
Your dull iron-grey scales are very hard. (AC +11)
You cannot fit into any form of body armour.
You can survive without breathing.
You are cold-blooded and may be slowed by cold attacks.


Message History

Aim: a mummy (moderately damaged)
The magic dart hits the mummy but does no damage.
The mummy hits you but does no damage.
Aim: a mummy (moderately damaged)
The magic dart hits the mummy.
Aim: a mummy (heavily damaged)
The magic dart hits the mummy.
You block the mummy's attack. x2
Aim: a mummy (heavily damaged)
The magic dart hits the mummy.
The mummy misses you. You block the mummy's attack.
Aim: a mummy (severely damaged)
The magic dart hits the mummy.
You see here a stone.
You see here a stone. 2 zombies come into view.
The centaur zombie sets off the alarm!
The alarm trap emits a blaring wail!
A sentinel's mark forms upon you. The mummy barely misses you.
The mummy hits you!
* * * LOW HITPOINT WARNING * * *
You see here a stone.
Really attack while wielding your +0 hunting sling?
Okay, then.
Really attack while wielding your +0 hunting sling? [Y]es or [N]o only, please.
Really attack while wielding your +0 hunting sling?
Okay, then. 2 zombies come into view.
The hobgoblin zombie sets off the alarm!
The alarm trap emits a blaring wail!
The mark upon you grows brighter. You block the centaur zombie's attack.
The mummy hits you!
* * * LOW HITPOINT WARNING * * *
A big kobold zombie comes into view.
The centaur zombie barely misses you. The mummy closely misses you.
The big kobold zombie fails to trigger a net trap.
There is an empty arch of ancient stone here. 2 zombies come into view.
A centaur zombie comes into view.
You block the centaur zombie's attack.
The centaur zombie enters a dispersal trap!
The hobgoblin zombie blinks!
The big kobold zombie blinks!
The hobgoblin zombie blinks!
The big kobold zombie blinks!
The hobgoblin zombie blinks!
The hobgoblin zombie fails to trigger a net trap.
The hobgoblin zombie blinks!
The big kobold zombie blinks!
The hobgoblin zombie blinks!
The centaur zombie blinks!
The hobgoblin zombie moves out of view. x2
The centaur zombie hits you.
You die...

##. §.##
.^ZZ^..
##Z§ZZ.##
..^.^..
#.Z...#
#^§§..#
#.....#
#.Z@..#
#..Z..#
#((M..#
#.Z(M.#
#...(.#
#.....#
#.....#
##.(.##
#####


You could see 2 mummies, 3 hobgoblin zombies, 2 big kobold zombies and 2 centaur
zombies.

Vanquished Creatures
  Duvessa (D:5)
  2 ogres
  Dowan (D:4)
  A scorpion (D:5)
  Jessica (D:2)
  Terence (D:2)
  2 iguanas (D:4)
  2 orc wizards (D:4)
  A worker ant (D:3)
  2 mummies
  A howler monkey zombie (D:4)
  Robin (D:4)
  3 adders
  3 gnolls
  2 oozes
  2 worms (D:2)
  2 dart slugs
  3 leopard geckos
  2 orcs (D:5)
  7 bats
  7 giant cockroaches
  23 goblins
  8 hobgoblins
  8 jackals
  2 quokkas
  2 ball pythons
  3 frilled lizards
  8 kobolds
  10 rats
111 creatures vanquished.

Notes
Turn   | Place    | Note
-------+----------+-------------------------------------------
     0 | D:1      | DavidChitty2 the Draconian Conjurer began the quest for the
                  | Orb.
     0 | D:1      | Reached XP level 1. HP: 14/14 MP: 3/3
   372 | D:1      | Reached XP level 2. HP: 22/22 MP: 0/5
   379 | D:1      | Learned a level 2 spell: Searing Ray
   661 | D:1      | Reached skill level 1 in Fighting
  1085 | D:1      | Reached XP level 3. HP: 28/28 MP: 4/6
  1464 | D:2      | Noticed Jessica
  1469 | D:2      | Killed Jessica
  1469 | D:2      | Reached XP level 4. HP: 36/36 MP: 3/7
  1746 | D:2      | Learned a level 4 spell: Iskenderun's Mystic Blast
  1943 | D:2      | Noticed Terence
  1996 | D:2      | Killed Terence
  1996 | D:2      | Reached skill level 5 in Conjurations
  2329 | D:2      | Reached skill level 1 in Shields
  2978 | D:3      | Reached XP level 5. HP: 41/41 MP: 7/9
  3651 | D:4      | Found Uhuleu's Food Shop.
  3701 | D:3      | HP: 2/42 [poisoned by a worker ant]
  3709 | D:3      | HP: 1/42 [poisoned by a worker ant]
  4318 | D:4      | Noticed an ogre
  4331 | D:4      | Noticed an ogre
  4343 | D:3      | Killed an ogre
  4343 | D:3      | Reached XP level 6. HP: 50/50 MP: 5/10
  4418 | D:4      | Reached skill level 6 in Conjurations
  4843 | D:4      | Found a staircase to the Ecumenical Temple.
  4853 | Temple   | Entered the Ecumenical Temple
  5039 | Temple   | Became a worshipper of Vehumet
  5303 | D:4      | Noticed Robin
  5366 | D:4      | Your scales start taking on a dull iron-grey colour.
  5366 | D:4      | Reached XP level 7. HP: 57/57 MP: 9/12
  5366 | D:4      | Gained mutation: You can survive without breathing. [Grey
                  | Draconian growth]
  5529 | D:4      | Killed Robin
  5825 | D:5      | Entered Level 5 of the Dungeon
  5933 | D:5      | Found an iron altar of Okawaru.
  6018 | D:5      | Noticed Duvessa
  6018 | D:5      | Noticed Dowan
  6028 | D:5      | Noticed Sigmund
  6051 | D:5      | Killed Duvessa
  6208 | D:4      | Killed Dowan
  6305 | D:5      | Found a sand-covered staircase.
  6316 | Ossuary  | Entered an ossuary
  6356 | Ossuary  | Slain by a centaur zombie

Levels and vault maps discovered:
D:1:      shiori_arrival_maze, layout_loops_cross, minmay_hexomino_f4
D:2:      layout_basic, minmay_crystal_room, uniq_terence, uniq_jessica
D:3:      layout_loops_ring, first_ration
D:4:      kennysheep_goblin_castle, layout_rooms, minmay_temple_entry_poolview,
          serial_shops, shop, minmay_a_box_with_orc_wizards_in_it
D:5:      layout_rooms, lemuel_crystal_altar, lemuel_round_altar,
          gup_ossuary_entry_pyramid, uniq_duvessa, uniq_sigmund
Temple:   eino_temple_scatter_basement
Ossuary:  ossuary_the_hunt_dpeg

Skill      XL: |  1  2  3  4  5  6  7 |
---------------+----------------------+-----
Fighting       | 1 2 3 |  3.6
Conjurations   | 5 6 |  6.6
Shields        | 1 2 3 4 |  4.0
Spellcasting   | 3 |  3.7
Dodging        | |  1.7
Stealth        | |  1.7

Action                   |  1- 3 |  4- 6 |  7- 9 || total
-------------------------+-------+-------+-------++-------
Melee: Tailslap          |     2 |     1 |     1 ||     4
       Unarmed           |     2 |       |       ||     2
       Dagger            |       |    11 |     7 ||    18
 Fire: Hunting sling     |     5 |       |    11 ||    16
 Cast: Magic Dart        |    61 |   150 |    49 ||   260
       Searing Ray       |     1 |     8 |     3 ||    12
       Iskenderun's Myst |       |       |     3 ||     3
Evoke: Wand              |     1 |       |       ||     1
  Use: Scroll            |       |    13 |       ||    13
  Eat: Chunk             |     3 |    12 |     3 ||    18
Armor: Skin              |       |     3 |     9 ||    12
Dodge: Dodged            |    12 |    44 |    24 ||    80
Block: Buckler           |       |     2 |     9 ||    11
